Match 45347154
Unlisted

Match 45347154
End
Scout Squad
Construct Barracks
Riflemen Squad
Riflemen Squad
Grenade Package
Selects Airborne Battlegroup
Selects Heavy Machine Gun Paradrop
Selects Paratrooper Squad Paradrop
Heavy Machine Gun Paradrop
Construct Medical Station
Mechanized Support Center
Construct Motor Pool
M16 Multiple Gun Motor Carriage
M3 75 mm Gun Motor Carriage
Paratrooper Squad Paradrop
M24 Chaffee Light Tank
Paratrooper Squad Paradrop
Engineer Squad
Riflemen Squad
Selects Recon Loiter
Selects Paradrop Reinforcements
Selects Carpet Bombing Run
M1918 Browning Automatic Rifles
M24 Chaffee Light Tank
Construct Tank Depot
M4A1 76mm Conversion
Selects Anti-tank Gun Team Paradrop
Heavy Machine Gun Paradrop
Engineer Squad
Paratrooper Squad Paradrop
Bof
Grand.G
0
0

Comments sign in to comment!

No comments posted yet!